 Dungeon Crawl Stone Soup version 0.31.0-9-g3a7656b989 (webtiles) character file.

Game seed: 15619074431819756884

145 qw the Ducker (level 5, -14/26 HPs)
             Began as a Spriggan Hunter on Feb 2, 2024.
             Killed from afar by a gargoyle (22 damage)
             ... with a stone arrow
             ... on level 7 of the Dungeon.
             The game lasted 00:00:10 (2373 turns).

qw the Ducker (Spriggan Hunter)                     Turns: 2373, Time: 00:00:10

Health: -14/26     AC:  2    Str:  7    XL:     5   Next: 6%
Magic:  6/6        EV: 20    Int: 10    God:
Gold:   139        SH:  0    Dex: 21    Spells: 4/4 levels left

rFire   + . .        a - +0 shortbow
rCold   x . .        (shield currently unavailable)
rNeg    . . .        c - +0 robe
rPois   .            (helmet restricted)
rElec   .            (no cloak)
rCorr   .            (gloves unavailable)
SInv    +            (boots unavailable)
Will    .....        (no amulet)
Stlth   ++           f - ring "Lodghudoe" {Fire Slay+3}
HPRegen 0.24/turn    (no ring)
MPRegen 0.10/turn

%: no passive effects
@: very quick
A: very small, no large weapons, unfitting armour, see invisible, speed 3
a: no special abilities


You were on level 7 of the Dungeon.
You visited 1 branch of the dungeon, and saw 5 of its levels.

You collected 139 gold pieces.


Innate Abilities, Weirdness & Mutations

You are very small and have problems with some larger weapons.
You are too small for most types of armour.
You have supernaturally acute eyesight. (SInv)
You cover ground extremely quickly. (Speed+++)


   Skills:
 - Level 2.0 Fighting
 + Level 5.1 Ranged Weapons
 - Level 5.2 Dodging
 - Level 1.5 Stealth


You had 4 spell levels left.
You didn't know any spells.
Your spell library was empty.

Inventory:

Hand Weapons
 a - a +0 shortbow (weapon)
Armour
 c - a +0 robe (worn)
Jewellery
 f - the ring "Lodghudoe" (left hand) {Fire Slay+3}
   (You acquired it on level 1 of the Dungeon)

   [ring of fire]

   Fire:      It enhances your fire magic.
   Slay+3:    It affects your accuracy & damage with ranged weapons and melee
   (+3).
   rF+:       It protects you from fire.
   rC-:       It makes you vulnerable to cold.
Scrolls
 e - a scroll of enchant armour
 g - 2 scrolls of identify
 i - 4 scrolls of teleportation
Potions
 b - 2 potions of curing
 d - a potion of might
 h - 2 potions of mutation

Dungeon Overview and Level Annotations

Branches:
Dungeon (4/15)
 Temple: D:4-7

Altars:
Hepliaklqana
Nemelex Xobeh

Annotations:
D:3 1 runed translucent door, Crazy Yiuf


Message History

You kill the goblin!
You now have 139 gold pieces (gained 11).
Things that are here:
a +0 club; a goblin corpse A malevolent force fills the Dungeon...
You fall into a shaft and drop 3 floors!
The shaft crumbles and collapses.
Found 4 stones.
Waypoint 4 assigned to D:7.
You open the door.
There is an open door here.
You open the door. You open the door.
A gargoyle comes into view. It is wielding a +0 flail.
Found 4 stones.
You shoot an arrow.
The arrow hits the gargoyle but does no damage.
The gargoyle hurls a stone arrow at you.
The stone arrow hits you!
You shoot an arrow.
The arrow hits the gargoyle but does no damage.
The gargoyle hurls a stone arrow at you.
The stone arrow misses you.
You shoot an arrow.
The arrow hits the gargoyle but does no damage.
The gargoyle closely misses you.
You shoot an arrow. The arrow barely misses the gargoyle.
The gargoyle hits you with a +0 flail!
You shoot an arrow. The arrow barely misses the gargoyle.
The gargoyle barely misses you.
You shoot an arrow.
The arrow completely misses the gargoyle.
The gargoyle hurls a stone arrow at you.
The stone arrow misses you.
You shoot an arrow.
The arrow hits the gargoyle but does no damage.
The gargoyle hurls a stone arrow at you.
The stone arrow hits you!!
Ouch! That really hurt!
You die...

## . ##+.+## ...
#+.....+###....
#.......#8#....
#+..............
#....8........(.
+...........#
#.......#8#.#
#+..@..'# #
##9.'##8#
#(###8### ## ##


You could see a gargoyle.

Vanquished Creatures
  Natasha (thrice) (D:3)
  2 adders (D:3)
  A dart slug (D:2)
  5 ball pythons
  4 bats
  6 endoplasms
  A giant cockroach (D:2)
  5 hobgoblins
  5 kobolds
  A quokka (D:3)
  2 frilled lizards (D:1)
  7 goblins
  9 rats
51 creatures vanquished.

Notes
Turn   | Place    | Note
-------+----------+-------------------------------------------
     0 | D:1      | qw the Spriggan Hunter began the quest for the Orb.
     0 | D:1      | Reached XP level 1. HP: 10/10 MP: 2/2
     0 | D:1      | 0 ||| qw: Version: 0.3-a-155-g5e7d8dd
     0 | D:1      | 0 ||| qw: Game counter: 2180
     0 | D:1      | 0 ||| qw: Melee chars always use a shield: true
     0 | D:1      | 0 ||| qw: God list: Okawaru
     0 | D:1      | 0 ||| qw: Allow faded altars: false
     0 | D:1      | 0 ||| qw: Do Orc after clearing Dungeon:15 true
     0 | D:1      | 0 ||| qw: Do second Lair branch before Depths: true
     0 | D:1      | 0 ||| qw: Lair rune preference: random
     0 | D:1      | 0 ||| qw: Goals: Normal
     0 | D:1      | 0 ||| PLANNING D:1-11
    59 | D:1      | Reached skill level 3 in Dodging
   184 | D:1      | Reached XP level 2. HP: 14/14 MP: 3/3
   479 | D:1      | Found a faded altar of an unknown god.
   876 | D:1      | 876 ||| READING 2 scrolls labelled CEKKETHURUA.
   877 | D:1      | 877 ||| READING 2 scrolls labelled DOOKHL NO PIUTI.
   877 | D:1      | 877 ||| ENCHANTING +0 shortbow.
   878 | D:1      | 878 ||| READING scroll labelled VEXTIO VANEATO.
   879 | D:1      | 879 ||| READING 3 scrolls labelled FACWUEVAYS.
   879 | D:1      | 879 ||| IDENTIFYING scroll labelled DEAH CEOREDIZOTO
   879 | D:1      | Identified a scroll of acquirement
   880 | D:1      | 880 ||| READING scroll of acquirement.
   880 | D:1      | 880 ||| ACQUIRING ring "Lodghudoe" {Fire Slay+3}
   880 | D:1      | Acquired the ring "Lodghudoe" {Fire Slay+3}
   882 | D:1      | 882 ||| UPGRADING to ring "Lodghudoe" {Fire Slay+3}.
   883 | D:1      | 883 ||| READING 2 scrolls of identify.
   883 | D:1      | 883 ||| IDENTIFYING scroll labelled CUFEDEETTI
   884 | D:1      | 884 ||| DROPPING scroll of butterflies.
   885 | D:1      | 885 ||| DROPPING scroll of amnesia.
  1112 | D:2      | Reached XP level 3. HP: 18/18 MP: 4/4
  1320 | D:2      | 1320 ||| READING 6 scrolls of identify.
  1320 | D:2      | 1320 ||| IDENTIFYING fuming white potion
  1321 | D:2      | 1321 ||| READING 5 scrolls of identify.
  1321 | D:2      | 1321 ||| IDENTIFYING bubbling cyan potion
  1322 | D:2      | 1322 ||| READING 4 scrolls of identify.
  1322 | D:2      | 1322 ||| IDENTIFYING 2 yellow potions
  1490 | D:3      | Found a sparkling altar of Nemelex Xobeh.
  1547 | D:3      | Found a hazy altar of Hepliaklqana.
  1702 | D:3      | Noticed Natasha
  1707 | D:3      | Reached XP level 4. HP: 22/22 MP: 5/5
  1707 | D:3      | Killed Natasha
  1861 | D:3      | Noticed Natasha
  1876 | D:3      | Killed Natasha
  1961 | D:3      | Found a runed translucent door.
  1962 | D:3      | Noticed Crazy Yiuf
  2017 | D:3      | Noticed Natasha
  2031 | D:3      | Killed Natasha
  2032 | D:3      | Reached XP level 5. HP: 9/26 MP: 6/6
  2266 | D:3      | 2266 ||| READING 4 scrolls of identify.
  2266 | D:3      | 2266 ||| IDENTIFYING scroll labelled OBIAXTIM XEST
  2267 | D:3      | 2267 ||| READING 3 scrolls of identify.
  2267 | D:3      | 2267 ||| IDENTIFYING scroll labelled OPE DEPRIMIRI
  2268 | D:3      | 2268 ||| DROPPING scroll of vulnerability.
  2269 | D:3      | 2269 ||| DROPPING scroll of silence.
  2357 | D:4      | You fall into a shaft and drop 3 floors!
  2366 | D:7      | Noticed a gargoyle
  2373 | D:7      | Killed from afar by a gargoyle

Levels and vault maps discovered:
D:1:      dpeg_cavernosity, layout_loops_ring,
          ebering_ecumenical_altar_petrified, minmay_misc_feat_nine_boxes,
          dk_noncrumbling_4
D:2:      layout_rooms
D:3:      layout_loops_ring, mainiacjoe_overflow_small_starburst,
          nicolae_hepliaklqana_hazy_memory, serial_aquarium,
          aquarium_bridge_long_joined [aquarium_subvault_balcony,
          aquarium_subvault_window, aquarium_subvault_wall,
          aquarium_subvault_wall, aquarium_subvault_bridge,
          aquarium_subvault_wall], aquarium_bridge_island_small
          [aquarium_subvault_small_open, aquarium_subvault_window,
          aquarium_subvault_bridge, aquarium_subvault_wall,
          aquarium_subvault_wall], aquarium_window_corridor_1,
          aquarium_window_double, aquarium_window_1, aquarium_view_2g,
          aquarium_view_2e, aquarium_pool_1, uniq_crazy_yiuf_cottage,
          uniq_natasha
D:4:      layout_rooms, minmay_temple_entry_glass
D:7:      cheibrodos_statue_roulette, layout_gridville, general_overflow_altar

Skill      XL: |  1  2  3  4 |
---------------+-------------+-----
Dodging        | 3 4 5 |  5.2
Ranged Weapons | 5 |  5.1
Fighting       | 2 |  2.0
Stealth        | |  1.5

Action                     |  1- 3 |  4- 6 || total
---------------------------+-------+-------++-------
   Fire: Shortbow          |    87 |    41 ||   128
    Use: Scroll            |     9 |     2 ||    11
 Armour: Robe              |     1 |     9 ||    10
  Dodge: Dodged            |    16 |    22 ||    38

Table legend:
 A = Non-vault XP
 B = Vault XP
 C = Vault XP percentage of total XP
 D = Non-vault monster count
 E = Vault monster count
 F = Vault count percentage of total count
                 A         B        C        D         E       F
            +---------+---------+-------+---------+---------+-------
      Total |     164 |      44 |  21.2 |      46 |       5 |   9.8
            +---------+---------+-------+---------+---------+-------
        D:1 |      12 |       8 |  40.0 |       9 |       4 |  30.8
        D:2 |      33 |       0 |   0.0 |      21 |       0 |   0.0
        D:3 |     117 |      36 |  23.5 |      15 |       1 |   6.2
        D:4 |       2 |       0 |   0.0 |       1 |       0 |   0.0
            +---------+---------+-------+---------+---------+-------
